 Dungeon Crawl Stone Soup version 0.20-a0-1126-g0f15420 (webtiles) character file.

95 Naow the Firebug (level 4, -1/27 HPs)
             Began as an Octopode Fire Elementalist on May 17, 2017.
             Slain by an orc wizard
             ... wielding a +0 dagger
              (4 damage)
             ... on level 4 of the Dungeon.
             The game lasted 00:07:19 (2411 turns).

Naow the Firebug (Octopode Fire Elementalist)       Turns: 2411, Time: 00:07:21

Health: -1/27      AC:  1    Str:  7    XL:     4   Next: 66%
Magic:  2/8        EV: 13    Int: 18    God:
Gold:   89         SH:  0    Dex: 12    Spells: 2/8 levels left

rFire    . . .     SeeInvis .   g - +0 dagger
rCold    . . .     Gourm    .   (no shield)
rNeg     . . .     Faith    .   (helmet restricted)
rPois    .         Spirit   .   (no amulet)
rElec    .         Reflect  .   (no ring)
rCorr    .         Harm     .   (no ring)
MR       .....                  (no ring)
Stlth    ++........             (no ring)
Regen    0.1/turn               (no ring)
MPRegen  0.2/turn               (no ring)
                                (no ring)
                                (no ring)

@: confused, very slightly contaminated
A: almost no armour, stealthy swim, amphibious, 8 rings, constrict 8, camouflage
1, gelatinous body 1
a: no special abilities


You were on level 4 of the Dungeon.
You were hungry.

You visited 1 branch of the dungeon, and saw 4 of its levels.

You collected 89 gold pieces.

Inventory:

Hand Weapons
 g - a +0 dagger (weapon)
Armour
 l - a +0 buckler of reflection
Scrolls
 c - a scroll of magic mapping {unknown}
 e - a scroll of fog {unknown}
 f - 2 scrolls of enchant weapon {unknown}
 k - a scroll of teleportation {unknown}
Potions
 d - a potion of might {unknown}
Books
 a - a book of Flames

   Spells                             Type                      Level
   a - Flame Tongue                   Conjuration/Fire             1
   b - Throw Flame                    Conjuration/Fire             2
   c - Conjure Flame                  Conjuration/Fire             3
   d - Inner Flame                    Hexes/Fire                   3
   e - Sticky Flame                   Conjuration/Fire             4
   f - Fireball                       Conjuration/Fire             5
Comestibles
 b - a bread ration
 h - 2 meat rations
 i - 2 fruits
 j - a royal jelly


   Skills:
 - Level 2.0 Dodging
 - Level 2.8 Stealth
 + Level 2.7 Spellcasting
 * Level 2.8 Conjurations
 + Level 3.7 Fire Magic


You had 2 spell levels left.
You knew the following spells:

 Your Spells              Type           Power        Failure   Level  Hunger
a - Flame Tongue          Conj/Fire      ##...        4%          1    None
b - Throw Flame           Conj/Fire      ##....       6%          2    ##.....
c - Conjure Flame         Conj/Fire      ##......     13%         3    ###....


Dungeon Overview and Level Annotations

Branches:
Dungeon (4/15)
 Temple: D:4-7

Altars:

Annotations:
D:3 Grinder; sour's ghost, amateur BaFi


Innate Abilities, Weirdness & Mutations

You cannot wear most types of armour.
You are very stealthy in the water. (Stealth+)
You are amphibious.
You can wear up to eight rings at the same time.
You can use your tentacles to constrict eight enemies at once.
Your skin changes colour to match your surroundings (Stealth+).
Your rubbery body absorbs attacks. (AC +1, EV +1)


Message History

You hear some strange, mumbled words.
A magic dart appears from out of thin air!
The magic dart hits you!
A magic dart appears from out of thin air!
The magic dart hits you!
A puff of flame appears from out of thin air!
The puff of flame hits you!
* * * LOW HITPOINT WARNING * * *
Casting: Flame Tongue
Confirm with . or Enter, or press ? or * to list all spells.
Aiming: Conjure Flame
Press: ? - help, Dir - move target cursor You miscast Conjure Flame.
You are very lightly contaminated with residual magic.
The air around you crackles with energy!
You hear some strange, mumbled words.
You are confused.
You're too confused to move!
You miss something. Something hits you.
You die...

#..##.########
#..##.#......# ###
#####.....#.####.# #..
#.....#####.#<.#.# #.#
#.##### #.#....# #.#
#.# #.#########s# #.#
#........##.#
#.################.##.#
#.....@.......[..#.##.#
################.#.##.#
#.#.##.. #.#.#### #.#.#
#.#.# #.#.### #.#...#
#.....#


There were no monsters in sight!

Vanquished Creatures
  A bullfrog skeleton (D:4)
  A hound skeleton (D:4)
  An adder (D:2)
  A worm (D:4)
  A leopard gecko (D:4)
  2 orcs (D:4)
  A bat (D:1)
  5 giant cockroaches
  3 goblins
  3 hobgoblins (D:1)
  9 jackals
  2 frilled lizards
  2 kobolds (D:1)
  2 rats (D:1)
34 creatures vanquished.

Notes
Turn   | Place    | Note
-------+----------+-------------------------------------------
     0 | D:1      | Naow the Octopode Fire Elementalist began the quest for the Orb.
     0 | D:1      | Reached XP level 1. HP: 11/11 MP: 3/3
   328 | D:1      | Reached XP level 2. HP: 9/17 MP: 0/5
  1195 | D:1      | Reached XP level 3. HP: 21/21 MP: 3/6
  1366 | D:2      | Learned a level 2 spell: Throw Flame
  1370 | D:2      | Learned a level 3 spell: Conjure Flame
  1476 | D:2      | You fall through a shaft for 2 floors!
  1665 | D:4      | Noticed a scorpion
  1951 | D:4      | Noticed an ogre
  1995 | D:3      | HP: 1/21 [poisoned by a scorpion]
  2021 | D:3      | Noticed sour's ghost (amateur BaFi)
  2039 | D:3      | Noticed Grinder
  2195 | D:4      | Reached XP level 4. HP: 19/27 MP: 4/7
  2201 | D:4      | HP: 1/27 [bullfrog skeleton (5)]
  2411 | D:4      | Slain by an orc wizard

Vault maps used:
D:1:      dpeg_arrival_morbid_curiosity
D:2:      nemelex_xobeh_ov_fountains_minmay, minmay_circled_x
D:3:      yredelemnul_altar_generic, uniq_grinder
D:4:      first_bread

Skill      XL: |  1  2  3 |
---------------+----------+-----
Conjurations   | 2 |  2.8
Dodging        | |  2.0
Stealth        | |  2.8
Spellcasting   | |  2.7
Fire Magic     | |  3.7

Action                   |  1- 3 |  4- 6 || total
-------------------------+-------+-------++-------
Melee: Unarmed           |    14 |       ||    14
       Constrict         |    11 |     1 ||    12
       Tentacles         |     7 |       ||     7
       Dagger            |    24 |     8 ||    32
 Cast: Flame Tongue      |    41 |     8 ||    49
       Conjure Flame     |     3 |     1 ||     4
       Throw Flame       |     2 |     1 ||     3
  Use: Potion            |     1 |     1 ||     2
 Stab: Sleeping          |     1 |       ||     1
  Eat: Chunk             |     5 |       ||     5
Armor: Skin              |     5 |     2 ||     7
Dodge: Dodged            |    55 |     9 ||    64
